 Dungeon Crawl Stone Soup version 0.30-a0-881-g1ff12e1e11 (webtiles) character file.

Game seed: 14694447086515659369

548 porpoise the Trooper (level 7, 0/54 HPs)
             Began as a Djinni Fire Elementalist on Mar 15, 2023.
             Slain by a gnoll
             ... wielding a +0 club
              (4 damage)
             ... on level 4 of the Dungeon.
             The game lasted 00:13:32 (3157 turns).

porpoise the Trooper (Djinni Fire Elementalist)     Turns: 3157, Time: 00:13:33

Health: 0/54       AC:  2    Str:  7    XL:     7   Next: 54%
Gold:   197        EV: 12    Int: 18    God:
                   SH:  0    Dex: 14

rFire   + + .      SeeInvis .    a - +2 dagger (elec)
rCold   x . .      Faith    .    (no shield)
rNeg    . . .      Spirit   .    d - +0 robe
rPois   ∞          Reflect  .    (no helmet)
rElec   .          Rampage  .    (no cloak)
rCorr   .                        (no gloves)
Will    .....                    (boots unavailable)
Stlth   ++                       (no amulet)
HPRegen 0.29/turn                (no ring)
MPRegen 0.00/turn                (no ring)

@: flying, very slightly contaminated
A: sickness immunity, fire resistance 2, cold vulnerability 1, float, innate
caster, HP casting, extra vitality 1
a: no special abilities


You were on level 4 of the Dungeon.
You visited 1 branch of the dungeon, and saw 4 of its levels.

You collected 197 gold pieces.

Inventory:

Hand Weapons
 a - a +2 dagger of electrocution (weapon)
 b - a +0 sling
Missiles
 e - 4 boomerangs
 k - 12 poisoned darts
 n - 6 curare-tipped darts
Armour
 d - a +0 robe (worn)
Jewellery
 s - an amulet of faith
Scrolls
 g - a scroll of fog {unknown}
 j - a scroll of vulnerability {unknown}
 l - a scroll of magic mapping {unknown}
 o - a scroll of poison {unknown}
 p - a scroll of blinking
 q - a scroll of acquirement {unknown}
 r - a scroll of enchant armour {unknown}
 t - a scroll of fear {unknown}
 u - a scroll of teleportation {unknown}
Potions
 c - 4 potions of curing {unknown}
 f - 2 potions of heal wounds
 h - a potion of attraction {unknown}
 i - 2 potions of lignification {unknown}
 m - a potion of mutation {unknown}


   Skills:
 + Level 5.1 Fighting
 - Level 2.1 Dodging
 - Level 1.5 Stealth
 + Level 4.7 Spellcasting


You knew the following spells:

 Your Spells              Type           Power      Damage    Failure   Level
a - Foxfire               Conj/Fire      84%        2x1d8     1%          1
b - Scorch                Fire           42%        2d7       3%          2
c - Kindle Blastsparks    Fire/Tloc/Air  42%        2d13      6%          3
d - Inner Flame           Hex/Fire       21%        N/A       6%          3
e - Flame Wave            Conj/Fire      21%        2d8       21%         4
s - Searing Ray           Conj           42%        2d6       3%          2
w - Wereblood             Tmut           21%        N/A       3%          2
z - Magic Dart            Conj           84%        1d7       1%          1
Your spell library was empty.

Dungeon Overview and Level Annotations

Branches:
Dungeon (4/15)
 Temple: D:4-7

Altars:


Innate Abilities, Weirdness & Mutations

You are immune to sickness and miasma.
You are immune to poison.
Your flesh is very heat resistant. (rF++)
You are vulnerable to cold. (rC-)
You float through the air rather than walking.
You learn spells naturally, not from books.
Your magical power is your life essence.
You have superior vitality. (+4 MHP)


Message History

The gnoll is lightly wounded.
The gnoll hits you with a +0 club!
Casting: Scorch (safe; 3% risk of failure)
Confirm with . or Enter, or press ? or * to list all spells.
Aiming: Searing Ray (safe; 3% risk of failure)
Press: ? - help, Shift-Dir - straight line, f - gnoll
Aim: a gnoll, wielding a +0 club and wearing a +0 leather armour (lightly wounded, 81% to hit)
Okay, then.
Unknown command.
Casting: Searing Ray (safe; 3% risk of failure)
Confirm with . or Enter, or press ? or * to list all spells.
You conjure some foxfire!
The gnoll misses you.
The gnoll hits you with a +1 whip of venom.
A ball python comes into view.
Casting: Foxfire (safe; 1% risk of failure)
Confirm with . or Enter, or press ? or * to list all spells.
You miscast Scorch.
You are very lightly contaminated with residual magic.
Nothing appears to happen.
The foxfire hits the gnoll.
The gnoll is moderately wounded.
The foxfire hits the gnoll but does no damage.
The gnoll is moderately wounded.
The gnoll closely misses you. The gnoll hits you with a +0 club.
* * * LOW HITPOINT WARNING * * *
Casting: Scorch (safe; 3% risk of failure)
Confirm with . or Enter, or press ? or * to list all spells.
Flames lash the gnoll.
The gnoll is moderately wounded.
The gnoll's fire resistance burns away.
* * * LOW HITPOINT WARNING * * *
The gnoll hits you with a +0 club.
* * * LOW HITPOINT WARNING * * *
The gnoll hits you with a +1 whip of venom.
* * * LOW HITPOINT WARNING * * *
Casting: Scorch (safe; 3% risk of failure)
Confirm with . or Enter, or press ? or * to list all spells.
You conjure some foxfire!
* * * LOW HITPOINT WARNING * * *
The gnoll hits you with a +0 club.
You die...

###############
#.............#
#.###########.# ####.#
#v####... #....####
#@g.)..# ........#
#vg...... ........#
......... ........# ..
..........
........###...S.....##..
#...................# .
#...#................
#...#.................
#...#..........


You could see 2 gnolls and a ball python.

Vanquished Creatures
  Grinder (D:3)
  2 orc priests (D:3)
  A jelly (D:3)
  Terence (D:3)
  Natasha (twice) (D:3)
  2 orc wizards (D:3)
  2 gnolls (D:4)
  3 adders
  An ufetubus (D:4)
  6 worms
  A dart slug (D:3)
  4 orcs (D:3)
  7 bats
  6 endoplasms
  3 giant cockroaches
  7 goblins
  9 hobgoblins
  A quokka (D:4)
  4 ball pythons
  7 frilled lizards
  4 kobolds
  5 rats
79 creatures vanquished.

Vanquished Creatures (others)
  An orc wizard (D:3)
  188 foxfires
189 creatures vanquished.

Grand Total: 268 creatures vanquished

Notes
Turn   | Place    | Note
-------+----------+-------------------------------------------
     0 | D:1      | porpoise the Djinni Fire Elementalist began the quest for
                  | the Orb.
     0 | D:1      | porpoise set off with the following spells memorised:
                  | Foxfire, Scorch, Kindle Blastsparks, Inner Flame, Flame
                  | Wave.
     0 | D:1      | Reached XP level 1. HP: 15/15 MP: 0/0
   164 | D:1      | Reached XP level 2. HP: 22/22 MP: 0/0
   217 | D:1      | Reached skill level 1 in Fighting
   999 | D:1      | Reached XP level 3. HP: 26/27 MP: 0/0
   999 | D:1      | Learned a level 1 spell: Magic Dart
  1412 | D:2      | Reached skill level 2 in Fighting
  1434 | D:2      | Reached XP level 4. HP: 24/33 MP: 0/0
  1706 | D:2      | Found a faded altar of an unknown god.
  2003 | D:3      | Reached XP level 5. HP: 30/40 MP: 0/0
  2003 | D:3      | Learned a level 2 spell: Searing Ray
  2010 | D:3      | Reached skill level 3 in Fighting
  2221 | D:3      | Reached XP level 6. HP: 45/46 MP: 0/0
  2268 | D:3      | Noticed Terence
  2277 | D:3      | Killed Terence
  2511 | D:3      | Noticed Grinder
  2518 | D:3      | Reached skill level 4 in Fighting
  2519 | D:3      | Paralysed by Grinder for 3 turns
  2535 | D:3      | Killed Grinder
  2536 | D:3      | Reached XP level 7. HP: 27/53 MP: 0/0
  2536 | D:3      | Learned a level 2 spell: Wereblood
  2738 | D:3      | Noticed Natasha
  2741 | D:3      | Killed Natasha
  2916 | D:3      | Noticed Natasha
  2920 | D:3      | Killed Natasha
  2921 | D:3      | Reached skill level 5 in Fighting
  3157 | D:4      | Slain by a gnoll

Illustrated notes

Levels and vault maps discovered:
D:1:      nicolae_arrival_washed_ashore, layout_basic
D:2:      layout_basic, ebering_ecumenical_altar_sacrificial, nrook_uturn
D:3:      layout_loops_ring, dk_noncrumbling_2, minmay_starry_boxes,
          uniq_natasha, uniq_grinder, uniq_terence
D:4:      layout_basic

Skill      XL: |  1  2  3  4  5  6  7 |
---------------+----------------------+-----
Fighting       | 1 2 3 4 5 |  5.1
Spellcasting   | 3 4 |  4.7
Dodging        | |  2.1
Stealth        | |  1.5

Action                     |  1- 3 |  4- 6 |  7- 9 || total
---------------------------+-------+-------+-------++-------
  Melee: Dagger            |    14 |     6 |       ||    20
         Short sword       |     3 |       |       ||     3
   Fire: Sling             |     3 |     8 |       ||    11
   Cast: Foxfire           |    45 |    52 |    16 ||   113
         Scorch            |     3 |    16 |     6 ||    25
         Searing Ray       |       |       |     2 ||     2
    Use: Scroll            |       |     2 |     1 ||     3
 Armour: Robe              |     2 |     2 |       ||     4
  Dodge: Dodged            |     9 |     8 |     8 ||    25

Table legend: (Time is in decaauts)
 A = Elapsed time spent in this place.
 B = Non-inter-level travel time spent in this place.
 C = Inter-level travel time spent in this place.
 D = Time resting spent in this place.
 E = Time spent auto-exploring this place.
 F = Levels seen in this place.
 G = Mean time per level.
                   A        B        C        D        E       F      G
               +--------+--------+--------+--------+--------+-----+--------+
         Total |   3157 |   3105 |     52 |    501 |   2021 |   4 |  789.2 |
       Dungeon |   3157 |   3105 |     52 |    501 |   2021 |   4 |  789.2 |
               +--------+--------+--------+--------+--------+-----+--------+

Top non-repeatable levels by time:
     D:3: 1171 daAuts
     D:1: 1009 daAuts
     D:2: 839 daAuts
     D:4: 136 daAuts
